Map: 2000 Atmospheres LE

Players

Antis - Winner!

  • Race: Zerg Zerg

PiLiPiLi

  • Race: Protoss Protoss

Event: DreamHack SC2 Masters 2021 Fall

VOD

Have the link to the VOD?

Description

Time

  • Played on: Aug. 5, 2021, 5 p.m.
  • Length: 7:23

All games in this series

Show
View Real Time Build Order
Export as new Build Order

Antis Zerg - Winner!

Build Orders: Hatch First 

Get SALT Encoding   

  12  0:00  Drone  
  13  0:12  Overlord  
  13  0:16  Drone  
  14  0:30  Drone  
  14  0:31  Drone  
  16  0:48  Hatchery  
  15  0:51  Drone  
  15  0:54  Drone  
  17  0:57  Drone  
  18  1:08  Extractor  
  17  1:13  Spawning Pool  
  17  1:18  Drone  
  17  1:19  Drone  
  18  1:27  Drone  
  19  1:40  Drone  
  20  1:51  Drone  
  21  1:59  Queen  
  21  2:00  Queen, Drone  
  21  2:01  Drone  
  27  2:12  Metabolic Boost  
  27  2:13  Overlord  
  27  2:17  Drone  
  28  2:30  Hatchery  
  28  2:32  Drone x2  
  28  2:34  Drone  
  30  2:37  Drone  
  30  2:42  Queen  
  33  2:49  Overlord  
  33  2:55  Drone x3  
  36  3:04  Overlord  
  36  3:10  Drone x3  
  36  3:11  Drone x3  
  42  3:18  Queen  
  44  3:20  Overlord  
  44  3:24  Drone x2  
  46  3:32  Overlord  
  46  3:36  Roach Warren  
  46  3:37  Queen, Extractor  
  46  3:43  Zergling x8  
  46  3:45  Zergling x2  
  46  3:47  Zergling x2  
  52  3:49  Zergling x2  
  53  3:58  Zergling x2  
  53  3:59  Zergling x10  
  59  4:06  Overlord  
  59  4:11  Zergling x8  
  63  4:18  Spore Crawler  
  63  4:20  Roach  
  63  4:21  Roach  
  66  4:29  Spore Crawler  
  65  4:33  Roach x5  
  75  4:40  Zergling x10  
  66  4:49  Zergling x8  
  67  5:05  Lair  
  61  5:10  Drone x3  
  61  5:17  Drone x2  
  61  5:20  Drone  
  64  5:22  Spore Crawler, Drone  
  64  5:26  Drone x2  
  66  5:31  Drone x2  
  68  5:37  Overlord  
  68  5:41  Drone x3  
  71  5:47  Drone x3  
  74  5:50  Overlord  
  74  5:55  Roach x2  
  78  6:03  Glial Reconstitution  
  77  6:05  Overseer  
  77  6:06  Roach  
  77  6:07  Roach x2  
  77  6:10  Ravager  
  84  6:15  Zergling x10  
  89  6:19  Extractor  
  89  6:20  Overlord x2  
  88  6:29  Roach x2  
  88  6:30  Roach x2  
  96  6:35  Ravager  
  97  6:43  Roach  
  97  6:44  Zergling x12, Roach x2  
  109  6:51  Overlord  
Show
View Real Time Build Order
Export as new Build Order

PiLiPiLi Protoss 

Build Orders: 1 Gate Expand, Mass Adepts 

Get SALT Encoding   

  12  0:00  Probe  
  13  0:12  Probe  
  14  0:19  Pylon  
  14  0:24  Probe  
  15  0:30  Assimilator  
  15  0:37  Probe  
  16  0:45  Gateway  
  16  0:49  Probe (Chrono Boost)  
  17  1:00  Probe (Chrono Boost)  
  18  1:05  Probe (Chrono Boost)  
  19  1:15  Probe  
  20  1:23  Nexus  
  20  1:33  Cybernetics Core  
  20  1:36  Probe  
  21  1:43  Assimilator  
  21  1:48  Probe  
  21  1:51  Pylon  
  22  2:00  Probe  
  23  2:07  Stalker (Chrono Boost)  
  23  2:11  Warp Gate  
  23  2:12  Probe  
  26  2:21  Twilight Council  
  26  2:29  Adept  
  26  2:32  Probe  
  30  2:40  Robotics Facility  
  30  2:41  Probe  
  30  2:44  Probe  
  31  2:52  Gateway  
  31  2:54  Probe  
  31  2:57  Probe  
  33  3:01  Resonating Glaives (Chrono Boost)  
  33  3:06  Probe  
  33  3:11  Gateway  
  34  3:17  Gateway  
  34  3:28  Gateway  
  34  3:30  Warp Prism (Chrono Boost)  
  36  3:36  Probe  
  36  3:39  Probe  
  38  3:45  Pylon  
  38  3:48  Probe  
  38  3:51  Pylon, Probe  
  40  3:59  Adept x2  
  40  4:01  Observer  
  45  4:07  Pylon, Adept  
  47  4:24  Adept x4  
  55  4:25  Adept  
  57  4:35  Pylon  
  59  4:43  Adept  
  59  4:44  Adept x2  
  59  4:45  Adept  
  51  4:57  Probe x2  
  51  4:58  Immortal (Chrono Boost)  
  55  5:03  Adept  
  55  5:12  Probe x2  
  49  5:14  Assimilator  
  49  5:18  Assimilator  
  49  5:22  Adept x3  
  49  5:30  Probe x2, Immortal (Chrono Boost)  
  49  5:33  Adept x3  
  61  5:42  Probe  
  62  5:48  Gateway  
  62  5:49  Gateway  
  62  5:51  Gateway  
  62  6:04  Adept x5  
  72  6:18  Pylon  
  72  6:19  Pylon  
  72  6:24  Adept  
  72  6:25  Adept x2  
  78  6:39  Adept  
  80  6:40  Adept  
  80  6:43  Adept x3  
  80  6:44  Adept  
  80  6:45  Adept  
  80  6:46  Adept  
  76  7:11  Adept x2  
  76  7:12  Adept x4  

Tags
 
Add a new tag
Caveats
  • Supply blocks, unpowered buildings, or Contaminate may cause inaccurate times.
  • Supply counts are checked every 10 seconds.